 Dungeon Crawl Stone Soup version 0.29.1-15-g9cfb28693d (webtiles) character file.

Game seed: 2615509482913260195

16700 Eitelfritz the Severer (level 12, 0/104 HPs)
             Began as a Hill Orc Fighter on Apr 15, 2023.
             Was the Champion of Zin.
             Slain by a manticore (11 damage)
             ... on level 15 of the Dungeon.
             The game lasted 00:28:19 (11533 turns).

Eitelfritz the Severer (Hill Orc Fighter)          Turns: 11533, Time: 00:28:22

Health: 0/104      AC: 21    Str: 28    XL:     12   Next: 40%
Magic:  20/21      EV:  9    Int: 12    God:    Zin [******]
Gold:   1294       SH: 10    Dex: 14    Spells: 11/11 levels left

rFire   + + .      SeeInvis .   a - +1 war axe (freeze)
rCold   + . .      Faith    .   E - +0 kite shield
rNeg    . . .      Spirit   .   J - +2 chain mail {rF+}
rPois   ∞          Reflect  .   v - +2 helmet
rElec   +          Harm     .   j - +2 cloak {Stlth+}
rCorr   +          Rampage  .   (no gloves)
Will    +....                   K - +0 pair of boots
Stlth   +.........              x - amulet of regeneration
HPRegen 1.07/turn               n - ring of willpower
MPRegen 0.17/turn               d - +4 ring of slaying

@: vitalised, resistant, on recite cooldown, slowed, studying Invocations, very
slow
A: no striking features
a: Renounce Religion, Recite, Vitalisation, Imprison, Sanctuary, Donate Gold


You were on level 15 of the Dungeon.
You worshipped Zin.
Zin was exalted by your worship.
You visited 2 branches of the dungeon, and saw 14 of its levels.
You also visited: Bailey.

You collected 2337 gold pieces.
You spent 880 gold pieces at shops.
You donated 163 gold pieces to Zin.

Inventory:

Hand Weapons
 a - a +1 war axe of freezing (weapon)
 b - a +0 sling
 B - a +0 broad axe
 Q - a +3 eveningstar of holy wrath
Missiles
 o - 10 boomerangs
 s - 3 throwing nets
 u - 22 poisoned darts (quivered)
 H - 4 datura-tipped darts
 R - 4 javelins
Armour
 j - a +2 cloak of stealth (worn)
 v - a +2 helmet (worn)
 w - a scarf of invisibility
 C - +0 swamp dragon scales
 E - a +0 kite shield (worn)
 I - a +0 troll leather armour
 J - a +2 chain mail of fire resistance (worn)
 K - a +0 pair of boots (worn)
Jewellery
 d - a +4 ring of slaying (right hand)
 f - a ring of willpower
 l - a +4 ring of evasion
 n - a ring of willpower (left hand)
 r - a ring of protection from cold
 x - an amulet of regeneration (around neck)
 y - an amulet of the acrobat
 z - an amulet of guardian spirit
 D - a ring of protection from fire
 M - a ring of see invisible
Wands
 k - a wand of roots (12)
 t - a wand of digging (2)
 A - a wand of charming (4)
 S - a wand of mindburst (9)
Scrolls
 g - 6 scrolls of magic mapping
 i - 2 scrolls of amnesia
 q - 2 scrolls of summoning
 N - 2 scrolls of fear
 O - a scroll of identify
 P - a scroll of blinking
 T - a scroll of enchant armour
Potions
 c - a potion of attraction
 h - 11 potions of curing
 m - a potion of magic
 p - 2 potions of brilliance
 G - a potion of cancellation
 L - 2 potions of mutation


   Skills:
 + Level 9.3 Fighting
 + Level 15.6 Axes
 + Level 9.2 Armour
 + Level 3.5 Dodging
 + Level 4.0 Stealth
 + Level 7.2 Shields
 * Level 12.8 Invocations


You had 11 spell levels left.
You didn't know any spells.
Your spell library contained the following spells:

 Spells                   Type           Power      Damage    Failure   Level
 Shock                    Conj/Air       0%         1d3       98%         1
 Dazzling Flash           Conj/Hex       0%         N/A       100%        3
 Swiftness                Air            0%         N/A       100%        3
 Airstrike                Air            0%         2d(0-16)  100%        4
 Iskenderun's Mystic Bla  Conj/Tloc      0%         2d3       100%        4
 Starburst                Conj/Fire      0%         6d3       100%        6


Dungeon Overview and Level Annotations

Branches:
Dungeon (12/15)            Temple (1/1) D:5            Lair (0/5) D:8
 Bailey (visited)
    Orc: D:9-12

Altars:
Ashenzari
Cheibriados
Dithmenos
Elyvilon
Fedhas
Gozag
Hepliaklqana
Kikubaaqudgha
Makhleb
Nemelex Xobeh
Okawaru
Qazlal
Ru
Sif Muna
Trog
Uskayaw
Vehumet
Wu Jian
Xom
Yredelemnul
Zin
The Shining One

Shops:
D:1 :


Message History

You block the tengu warrior's attack.
The tengu warrior claws you but does no damage.
Your Stealth skill increases to level 4!
Unknown command.
You feel better. You block the manticore's attack.
The manticore claws you but does no damage.
The manticore misses you. You block the tengu warrior's attack.
The tengu warrior pecks you.
* * * LOW HITPOINT WARNING * * *
The tengu warrior barely misses you. The manticore completely misses you.
The manticore claws you but does no damage. x2
You miss the tengu warrior.
The tengu warrior is severely wounded.
You hit the manticore but do no damage.
The tengu warrior completely misses you.
The tengu warrior pecks you but does no damage.
The tengu warrior claws you.
* * * LOW HITPOINT WARNING * * *
You block the manticore's attack. x2
The manticore claws you but does no damage.
The tengu warrior hits you but does no damage.
You block the tengu warrior's attack.
The tengu warrior claws you but does no damage.
You hit the tengu warrior. You freeze the tengu warrior.
The tengu warrior is severely wounded.
You barely miss the manticore.
You carefully extract the barbed spikes from your body.
The manticore bites you but does no damage.
The manticore claws you!
* * * LOW HITPOINT WARNING * * *
You block the manticore's attack. The tengu warrior barely misses you.
The tengu warrior pecks you but does no damage.
You block the tengu warrior's attack.
You feel better. The manticore barely misses you.
You block the manticore's attack.
The manticore claws you but does no damage.
The tengu warrior hits you but does no damage.
The tengu warrior barely misses you. You block the tengu warrior's attack.
The manticore bites you!
You die...

#####..........
.......#.........
.......#..........
..................
...................
....................
........H...........
.......Q@......^....
##.................
#....##............
###. ###...........
#. #.............
......(..#.........
#. ......##.........
# ...... ##........
..#........###...


You could see a tengu warrior and a manticore.

Vanquished Creatures
  Snorg (D:11)
  A tengu warrior (D:15)
  5 two-headed ogres
  Urug (D:11)
  Lodul (D:11)
  An orc knight (Bailey)
  Maggie (D:7)
  A freezing wraith (D:15)
  3 kobold demonologists
  2 trolls
  Prince Ribbit (D:7)
  A shadow (D:11)
  23 yaks
  An acid dragon (D:11)
  2 water moccasins
  13 orc warriors
  2 sky beasts
  3 wolves (D:8)
  4 centaurs
  10 ogres
  A phantom (D:5)
  3 kobold brigands
  3 bullfrogs
  A necrophage (D:8)
  A gnoll sergeant (D:7)
  2 scorpions (D:6)
  4 wights (D:8)
  4 killer bees (D:9)
  2 howler monkeys
  7 electric eels
  7 hounds
  2 gnoll boudas
  3 orc priests
  Crazy Yiuf (D:7)
  Jessica (D:2)
  2 iguanas
  7 orc wizards
  20 gnolls
  4 adders
  2 shadow imps
  5 worms
  3 dart slugs
  41 orcs
  5 bats
  7 endoplasms
  3 giant cockroaches
  14 goblins
  9 hobgoblins
  4 jackals
  4 quokkas
  11 ball pythons
  4 frilled lizards
  23 kobolds
  5 rats
292 creatures vanquished.

Notes
Turn   | Place    | Note
-------+----------+-------------------------------------------
     0 | D:1      | Eitelfritz the Hill Orc Fighter began the quest for the
                  | Orb.
     0 | D:1      | Reached XP level 1. HP: 19/19 MP: 1/1
   142 | D:1      | Reached XP level 2. HP: 27/27 MP: 2/2
   318 | D:1      | Reached skill level 3 in Axes
   468 | D:1      | Found Ybyckicw's Vocational Training.
   494 | D:1      | Found a faded altar of an unknown god.
   986 | D:2      | Reached XP level 3. HP: 33/33 MP: 3/3
  1587 | D:2      | Reached XP level 4. HP: 40/40 MP: 4/4
  1830 | D:2      | Noticed Jessica
  1838 | D:2      | Killed Jessica
  1839 | D:2      | Reached skill level 4 in Axes
  1996 | D:3      | Reached XP level 5. HP: 13/47 MP: 5/5
  2881 | D:4      | Reached skill level 5 in Axes
  2931 | D:4      | Found a shadowy altar of Dithmenos.
  2936 | D:4      | Noticed a sky beast
  2965 | D:4      | HP: 2/47 [something (5)]
  2967 | D:4      | Killed a sky beast
  2968 | D:4      | Reached skill level 6 in Axes
  2968 | D:4      | Reached XP level 6. HP: 5/53 MP: 6/6
  3062 | D:4      | Reached skill level 1 in Dodging
  3489 | D:5      | Entered Level 5 of the Dungeon
  3632 | D:5      | Found a glowing silver altar of Zin.
  3649 | D:5      | Became a worshipper of Zin the Law-Giver
  3649 | D:5      | Reached * piety under Zin
  3755 | D:5      | Reached skill level 5 in Fighting
  3755 | D:5      | Reached skill level 7 in Axes
  3755 | D:5      | Reached skill level 1 in Invocations
  3755 | D:5      | Reached XP level 7. HP: 32/61 MP: 7/7
  3803 | D:5      | Reached ** piety under Zin
  3816 | D:5      | Noticed a water elemental
  3818 | D:5      | Found a stormy altar of Qazlal.
  3820 | D:5      | Noticed an air elemental
  3820 | D:5      | Noticed a fire elemental
  4017 | D:5      | Noticed a moth of wrath
  4021 | D:5      | Found a bloodstained altar of Trog.
  4168 | D:5      | Found a staircase to the Ecumenical Temple.
  4319 | D:5      | Found a basalt altar of Yredelemnul.
  4541 | D:5      | Found a blossoming altar of Fedhas.
  4850 | Temple   | Entered the Ecumenical Temple
  5061 | D:6      | Reached skill level 5 in Armour
  5137 | D:6      | Reached skill level 8 in Axes
  5151 | D:6      | Reached XP level 8. HP: 54/68 MP: 8/10
  5175 | D:6      | Found a shimmering altar of Xom.
  5396 | D:6      | Reached skill level 9 in Axes
  5572 | D:7      | Reached *** piety under Zin
  5601 | D:7      | Noticed Maggie
  5619 | D:7      | Killed Maggie
  5620 | D:7      | Reached skill level 10 in Axes
  5620 | D:7      | Reached XP level 9. HP: 40/75 MP: 12/12
  5692 | D:7      | Found a runed translucent door.
  5692 | D:7      | Noticed Prince Ribbit
  5700 | D:7      | Killed Prince Ribbit
  5701 | D:7      | Reached skill level 5 in Invocations
  5701 | D:7      | Noticed Crazy Yiuf
  5708 | D:7      | Killed Crazy Yiuf
  5915 | D:7      | Found a flagged portal.
  5942 | Bailey   | Entered a bailey
  6037 | Bailey   | Reached skill level 11 in Axes
  6115 | Bailey   | Noticed a kobold demonologist
  6124 | Bailey   | Noticed a hellwing
  6131 | Bailey   | Killed a kobold demonologist
  6132 | Bailey   | Reached skill level 5 in Shields
  6478 | Bailey   | Reached XP level 10. HP: 71/84 MP: 15/15
  6529 | Bailey   | Found an iron altar of Okawaru.
  6529 | Bailey   | Noticed an orc knight
  6529 | Bailey   | Noticed a kobold demonologist
  6540 | Bailey   | Killed a kobold demonologist
  6541 | Bailey   | Reached skill level 12 in Axes
  6541 | Bailey   | Reached skill level 1 in Stealth
  6553 | Bailey   | Killed an orc knight
  7391 | D:8      | Found a staircase to the Lair.
  7709 | D:8      | Reached **** piety under Zin
  7837 | D:8      | Reached skill level 13 in Axes
  8372 | D:8      | Acquired 1139 gold pieces
  8375 | D:8      | Reached ***** piety under Zin
  8514 | D:1      | Bought a manual of Invocations for 880 gold pieces
  9074 | D:9      | Reached XP level 11. HP: 94/94 MP: 17/17
  9203 | D:9      | Noticed a two-headed ogre
  9209 | D:9      | Killed a two-headed ogre
  9358 | D:10     | Entered Level 10 of the Dungeon
  9386 | D:10     | Reached skill level 14 in Axes
  9480 | D:10     | Noticed a two-headed ogre
  9489 | D:10     | Killed a two-headed ogre
  9490 | D:10     | Reached skill level 10 in Invocations
 10427 | D:11     | Noticed Snorg
 10427 | D:11     | Noticed a two-headed ogre
 10435 | D:11     | Killed Snorg
 10439 | D:11     | Killed a two-headed ogre
 10693 | D:11     | Noticed a two-headed ogre
 10695 | D:11     | Noticed Urug
 10708 | D:11     | Killed a two-headed ogre
 10709 | D:11     | Reached skill level 15 in Axes
 10709 | D:11     | Reached XP level 12. HP: 39/104 MP: 20/20
 10709 | D:11     | Killed Urug
 10794 | D:11     | Reached ****** piety under Zin
 10857 | D:11     | Noticed a two-headed ogre
 10864 | D:11     | Killed a two-headed ogre
 10999 | D:11     | Noticed Lodul
 11013 | D:11     | Killed Lodul
 11168 | D:11     | Noticed a soul eater
 11495 | D:12     | You fall into a shaft and drop 3 floors!
 11495 | D:15     | Entered Level 15 of the Dungeon
 11500 | D:15     | Noticed a tengu warrior
 11505 | D:15     | Noticed a tengu warrior
 11512 | D:15     | Killed a tengu warrior
 11532 | D:15     | HP: 4/104 [manticore (9)]
 11533 | D:15     | Slain by a manticore

Illustrated notes

Levels and vault maps discovered:
D:1:      erik_arrival_cave_to_civilisation [erik_arrival_cave_to_hall],
          layout_basic, ebering_ecumenical_altar_sacrificial,
          nicolae_shop_vocational
D:2:      layout_rooms, hex_tiny, minmay_quadrilaterals, uniq_jessica
D:3:      kennysheep_six_static_rooms, layout_basic
D:4:      cheibrodos_greedy_goblins, layout_basic,
          grunt_dithmenos_smoke_and_mirrors
D:5:      layout_basic, overflow_temple_1_default, fedhas_altar_fruit_tree,
          mainiacjoe_overflow_brackets, nicolae_qazlal_style_of_elements,
          tgw_trog, minmay_temple_entry_wispy, chequers_ossuary_entry_cave
D:6:      layout_rooms, mainiacjoe_overflow_chevrons, corexii_leaking_fountain
D:7:      layout_rooms, enter_bailey_4, uniq_crazy_yiuf_cottage,
          uniq_prince_ribbit1, uniq_maggie
D:8:      layout_layer_cave, erik_lair_island
D:9:      layout_irregular_city
D:10:     layout_basic
D:11:     layout_cave_pods, uniq_lodul, uniq_urug, uniq_snorg
D:12:     layout_rooms, zombieorc1_lemuel, uniq_psyche
D:15:     hangedman_depths_entry_try_elsewhere_first, layout_cave_pools,
          columned_hall_lemuel, vehumet_statue
Temple:   regret_index_temple_waves

Skill      XL: |  1  2  3  4  5  6  7  8  9 10 11 12 |
---------------+-------------------------------------+-----
Axes           | 3 4 6 7 8 10 11 13 15 | 15.6
Fighting       | 4 5 6 7 9 |  9.3
Armour         | 4 5 6 7 8 9 |  9.2
Dodging        | 1 2 3 |  3.5
Shields        | 4 5 6 7 |  7.2
Invocations    | 1 2 4 6 8 11 12 | 12.8
Stealth        | 2 3 4 |  4.0

Action                   |  1- 3 |  4- 6 |  7- 9 | 10-12 || total
-------------------------+-------+-------+-------+-------++-------
Melee: War axe           |    95 |   160 |   244 |   329 ||   828
Throw: Dart              |       |     1 |       |       ||     1
Invok: Recite            |       |       |     1 |    19 ||    20
       Vitalisation      |       |       |       |     1 ||     1
  Use: Potion            |       |     1 |       |     4 ||     5
       Scroll            |       |    12 |     3 |    11 ||    26
 Stab: Confused          |       |       |       |    12 ||    12
       Invisible         |       |       |       |     7 ||     7
       Paralysed         |       |       |       |     2 ||     2
Armor: Scale mail        |    46 |    78 |    55 |       ||   179
       Swamp dragon scal |       |       |    64 |    23 ||    87
       Chain mail        |       |       |       |   154 ||   154
Dodge: Dodged            |    48 |    53 |   113 |   131 ||   345
Block: Buckler           |    23 |    36 |    29 |       ||    88
       Kite shield       |       |       |    41 |   187 ||   228
